 Dungeon Crawl Stone Soup version 0.23-a0-386-g9c9d49f (webtiles) character file.

80 Amnesiac the Cutter (level 4, -1/35 HPs)
             Began as a Mummy Chaos Knight on Oct 28, 2018.
             Was a Plaything of Xom.
             Slain by an orc wizard
             ... wielding a +0 dagger
              (2 damage)
             ... on level 3 of the Dungeon.
             The game lasted 00:09:01 (45231 turns).

Amnesiac the Cutter (Mummy Chaos Knight)           Turns: 45231, Time: 00:09:02

Health: -1/35      AC:  9    Str: 15 (16) XL:     4   Next: 18%
Magic:  4/4        EV:  6    Int: 11      God:    Xom [...*..]
Gold:   243        SH:  0    Dex:  9 (11) Spells: 3/3 levels left

rFire    . . .     SeeInvis .   a - +0 dagger (elec)
rCold    + . .     Gourm    .   (no shield)
rNeg     + + +     Faith    .   l - +1 chain mail {rF+}
rPois    ∞         Spirit   .   (no helmet)
rElec    .         Reflect  .   (no cloak)
rCorr    .         Harm     .   (no gloves)
MR       .....                  (no boots)
Stlth    ..........             (no amulet)
HPRegen  0.11/turn              (no ring)
MPRegen  0.09/turn              (no ring)

@: heavily drained
A: no food or potions, fire vulnerability, cold resistance 1, negative energy
resistance 3, torment resistance, unbreathing
a: Renounce Religion


You were on level 3 of the Dungeon.
You worshipped Xom.
You were a favourite toy of Xom.
You were not hungry.

You visited 1 branch of the dungeon, and saw 3 of its levels.

You collected 243 gold pieces.

Inventory:

Hand Weapons
 a - a +0 dagger of electrocution (weapon)
 c - a +0 longbow of flaming
 d - a +0 hunting sling
 i - a +0 arbalest
Missiles
 e - 118 stones (quivered)
 f - 24 arrows
 j - 111 bolts
 k - 5 needles of sleeping
Armour
 h - the +2 plate armour of the Valley of Death {*Drain MR+ Str+6 Int+2}
   (Xom gifted it to you on level 1 of the Dungeon)

   It affects your strength (+6).
   It affects your intelligence (+2).
   It affects your resistance to hostile enchantments.
   It causes draining when unequipped.
 l - a +1 chain mail of fire resistance (worn)
Wands
 g - a wand of random effects (44)
Scrolls
 b - 2 scrolls of fog {!r}
 m - 2 scrolls of remove curse {!r}
Miscellaneous
 n - a sack of spiders


   Skills:
 - Level 3.0(1.6) Fighting
 + Level 3.9(2.5) Short Blades
 - Level 1.5(0.2) Armour
 - Level 1.5(0.2) Dodging


You had 3 spell levels left.
You didn't know any spells.
Your spell library was empty.

Dungeon Overview and Level Annotations

Branches:
Dungeon (3/15)

Altars:
Ru
Xom


Innate Abilities, Weirdness & Mutations

You do not eat or drink.
Your flesh is vulnerable to fire.
You are immune to poison.
Your flesh is cold resistant. (rC+)
You are immune to negative energy. (rN+++)
You are immune to unholy pain and torment.
You can survive without breathing.


Message History

There is an open door here.
You hear the slow rusting of a distant drain.
The orc wizard mumbles some strange words.
The orc wizard flickers and vanishes!
Deactivating autopickup; reactivate with Ctrl-A.
The hobgoblin hits you but does no damage.
The hobgoblin hits you.
* * * LOW HITPOINT WARNING * * *
The hobgoblin barely misses you. "The weather's been a little too boring around here."
Found a sacrificial altar of Ru.
You closely miss the orc. The orc hits you.
* * * LOW HITPOINT WARNING * * *
You closely miss the orc. The orc barely misses you.
You closely miss the orc. The orc hits you but does no damage.
You hit the orc but do no damage. You miss something.
The orc hits you but does no damage. Something hits you but does no damage.
Your chain mail prevents you from hitting something.
The orc hits you.
* * * LOW HITPOINT WARNING * * *
Something hits you.
* * * LOW HITPOINT WARNING * * *
Evoke which item? (* to show all) (? for menu, Esc to quit)
You reach into the bag... ...and things crawl out!
The orc hits you.
* * * LOW HITPOINT WARNING * * *
Something hits you but does no damage.
You hit something. The orc hits you but does no damage.
You barely miss something.
You hear some strange, mumbled words.
You are confused.
The orc barely misses you.
You're too confused to attack without stumbling around!
You nearly stumble into some lava!
Something hits you but does no damage. The orc hits you but does no damage.
You miss something. Something hits you but does no damage.
The orc hits you but does no damage.
You completely miss the orc.
You hear some strange, mumbled words.
A magic dart appears from out of thin air!
The magic dart hits you!
* * * LOW HITPOINT WARNING * * *
You closely miss something. The orc hits you but does no damage.
Something hits you but does no damage.
You bump into the stone wall.
The orc hits you.
* * * LOW HITPOINT WARNING * * *
The hobgoblin dies!
Something hits you but does no damage.
You can't drink.
You're too confused!
The orc hits you but does no damage.
You hear some strange, mumbled words.
Something tries to affect you, but you resist.
You're too confused!
You closely miss the orc.
You feel less confused. The orc barely misses you.
Really read
m - 3 scrolls labeled JIULIL QO XIZ {!r}?
As you read the scroll labeled JIULIL QO XIZ {!r}, it crumbles to dust.
You feel blessed for a moment.
It was a scroll of remove curse {!r}.
The orc dies!
The rat is caught in a web!
Something hits you.
You die... "What!?
That's it?"

............#...
................
...........#....
...........w)...
.#...§.....#<##.
.....§§§§.g.....
...##§§§§......
##########≈..§§......
#≈≈.@.ro...≈.§.......
#≈_.≈g≈.≈.≈....#.....
#≈≈.ag.....≈.........
##########≈..........
............
.............
.............
##.###......# .......


You could see an orc, 2 hobgoblins, a rat (webbed) and a friendly worker ant.

Vanquished Creatures
  An adder (D:2)
  An ooze (D:1)
  2 worms (D:2)
  A dart slug (D:3)
  A leopard gecko (D:2)
  An orc (D:3)
  3 giant cockroaches
  6 goblins
  3 hobgoblins
  8 jackals
  10 kobolds
  4 bats
  5 frilled lizards
  5 rats (D:1)
51 creatures vanquished.

Vanquished Creatures (collateral kills)
  An orc (D:3)
  A hobgoblin (D:3)
2 creatures vanquished.

Grand Total: 53 creatures vanquished

Notes
Turn   | Place    | Note
-------+----------+-------------------------------------------
     0 | D:1      | Amnesiac the Mummy Chaos Knight began the quest for the
                  | Orb.
     0 | D:1      | Reached XP level 1. HP: 18/18 MP: 1/1
    70 | D:1      | Reached skill level 1 in Dodging
   212 | D:1      | XOM: divination: magic mapping
   254 | D:1      | Reached XP level 2. HP: 22/24 MP: 2/2
   294 | D:1      | XOM: 10-stop teleportation journey
   486 | D:1      | Reached XP level 3. HP: 29/29 MP: 3/3
   981 | D:1      | XOM: divination: magic mapping
  1781 | D:1      | XOM is BORED!
  1781 | D:1      | XOM: summons 1 hostile demon
  2179 | D:1      | XOM: divination: detect creatures
  2205 | D:1      | XOM: cloud trail
  3077 | D:1      | XOM: god gift: shimmering plate armour {god gift}
  3078 | D:1      | Got a shimmering plate armour {god gift}
  3089 | D:1      | Identified the +2 plate armour of the Valley of Death
                  | {*Drain MR+ Str+6 Int+2} (Xom gifted it to you on level 1
                  | of the Dungeon)
  3391 | D:1      | XOM: scenery: create altars
  4102 | D:1      | XOM: harmless Necr miscast
  4164 | D:1      | XOM: 2-stop teleportation journey
  4257 | D:1      | XOM: medium Conj miscast
  4350 | D:1      | XOM: 5-stop teleportation journey
  4427 | D:1      | XOM: divination: detect creatures
  4796 | D:1      | XOM: divination: detect creatures
  6580 | D:1      | XOM: severe Conj miscast
  7275 | D:1      | XOM: god gift: scroll labeled JUIR XEZXUIKERCH {god gift}
  7438 | D:1      | XOM: god gift: glowing longbow {god gift}
  7966 | D:1      | XOM is BORED!
  8010 | D:1      | XOM: god gift: 39 gold pieces
  8271 | D:1      | XOM: scenery: create altars
  9174 | D:1      | XOM: cloud trail
  9380 | D:1      | XOM: severe Hex miscast
  9956 | D:1      | XOM: harmless Chrm miscast
 10880 | D:1      | XOM: god gift: scroll labeled XETAKHL APPU {god gift}
 11086 | D:1      | XOM: mild Summ miscast
 11524 | D:1      | XOM: harmless Fire miscast
 11906 | D:1      | XOM: god gift: arbalest {god gift}
 12071 | D:1      | XOM is BORED!
 12071 | D:1      | XOM: mild Conj miscast
 12272 | D:1      | XOM: silly message
 12361 | D:1      | XOM: harmless Ice miscast
 12623 | D:1      | XOM: noise
 13235 | D:1      | XOM: scenery: create altars
 13246 | D:1      | XOM: summons 1 hostile demon
 13914 | D:1      | XOM: god gift: 5 needles of sleeping
 14122 | D:1      | XOM: god gift: 37 gold pieces
 14398 | D:1      | XOM: cloud trail
 14703 | D:1      | XOM is BORED!
 14703 | D:1      | XOM: summons 1 hostile demon
 14728 | D:1      | XOM: cloud trail
 15013 | D:1      | XOM: harmless Hex miscast
 15074 | D:1      | XOM: harmless Conj miscast
 15387 | D:1      | XOM: stat loss: -1 Dex (10/11)
 15409 | D:1      | XOM: summons 1 hostile demon
 15702 | D:1      | XOM: divination: magic mapping
 16248 | D:1      | XOM: god gift: shiny chain mail {god gift}
 17175 | D:2      | XOM: fake destruction
 18160 | D:1      | XOM: stat loss: -1 Str (15/16)
 18884 | D:1      | XOM is BORED!
 19422 | D:1      | XOM: god gift: 36 gold pieces
 19458 | D:1      | XOM: scenery: create altars
 20302 | D:1      | XOM: medium Ice miscast
 20797 | D:1      | XOM: medium Tmut miscast
 20812 | D:1      | XOM: medium Erth miscast
 20993 | D:1      | XOM: mild Air miscast
 21250 | D:1      | XOM: noise
 22453 | D:1      | XOM: harmless Chrm miscast
 22504 | D:1      | XOM: mild Tmut miscast
 22791 | D:1      | XOM: god gift: wand of random effects (26)
 22856 | D:1      | XOM: god gift: 54 gold pieces
 22968 | D:1      | XOM is BORED!
 22968 | D:1      | XOM: noise
 23110 | D:1      | XOM: harmless Summ miscast
 23725 | D:1      | XOM: cloud trail
 24281 | D:1      | XOM is BORED!
 24281 | D:1      | XOM: mild Hex miscast
 24752 | D:1      | XOM: god gift: 19 gold pieces
 26233 | D:1      | XOM: god gift: scroll labeled XINYUZX HYRUL {god gift}
 26673 | D:1      | XOM: god gift: 29 gold pieces
 27773 | D:1      | XOM: harmless Chrm miscast
 28547 | D:1      | XOM: noise
 28763 | D:1      | XOM: mild Chrm miscast
 29117 | D:1      | XOM: god gift: runed falchion {god gift}
 29245 | D:1      | XOM: harmless Chrm miscast
 29261 | D:1      | XOM: mild Fire miscast
 29303 | D:1      | XOM: noise
 30105 | D:1      | XOM: cloud trail
 30298 | D:1      | XOM is BORED!
 30530 | D:1      | XOM: god gift: falchion {god gift}
 31187 | D:1      | XOM: mild Ice miscast
 31877 | D:1      | XOM: summons 2 hostile shadow creatures
 32057 | D:1      | XOM: god gift: 23 bolts
 32537 | D:1      | XOM: god gift: bardiche {god gift}
 33221 | D:1      | XOM is BORED!
 33221 | D:1      | XOM: medium Fire miscast
 33320 | D:1      | XOM: summons 1 hostile demon
 33817 | D:1      | XOM: cloud trail
 33892 | D:1      | XOM is BORED!
 33892 | D:1      | XOM: mild Chrm miscast
 34492 | D:1      | XOM: severe Pois miscast
 35399 | D:1      | XOM: silly message
 36713 | D:1      | XOM is BORED!
 36713 | D:1      | XOM: medium Conj miscast
 36752 | D:1      | XOM: harmless Chrm miscast
 36813 | D:1      | XOM: medium Erth miscast
 36818 | D:1      | XOM: 1-stop teleportation journey
 37083 | D:1      | XOM: god gift: scroll labeled FIMMUKHL ISKION {god gift}
 37325 | D:1      | XOM: harmless Summ miscast
 37627 | D:1      | XOM: harmless Ice miscast
 37676 | D:1      | XOM: noise
 38253 | D:1      | XOM: silly message
 38285 | D:1      | XOM: harmless Fire miscast
 38772 | D:1      | XOM: divination: detect items
 38791 | D:1      | XOM: noise
 38954 | D:1      | XOM is BORED!
 38954 | D:1      | XOM: mild Tmut miscast
 39769 | D:1      | XOM: medium Pois miscast
 40023 | D:1      | XOM: mild Hex miscast
 40062 | D:1      | XOM: summons 1 hostile shadow creature
 40123 | D:1      | XOM is BORED!
 40123 | D:1      | XOM: summons 2 hostile shadow creatures
 40776 | D:1      | XOM: 2-stop teleportation journey
 40927 | D:2      | XOM: scenery: create altars
 41267 | D:1      | XOM: divination: detect creatures
 41374 | D:1      | XOM: harmless Tmut miscast
 41648 | D:1      | XOM: harmless Chrm miscast
 41891 | D:1      | XOM: harmless Tmut miscast
 42186 | D:1      | XOM: divination: detect items
 42758 | D:1      | XOM: harmless Hex miscast
 42998 | D:1      | XOM: silly message
 43182 | D:1      | XOM: god gift: sack of spiders
 43699 | D:1      | XOM: scenery: create altars
 43875 | D:1      | XOM: god gift: purple potion {god gift}
 43921 | D:1      | XOM: god gift: ration
 44228 | D:1      | XOM: god gift: glowing falchion {god gift}
 44422 | D:1      | XOM is BORED!
 44422 | D:1      | XOM: stat loss: -2 Dex (9/11)
 44739 | D:1      | XOM: cloud trail
 45016 | D:1      | XOM: god gift: 12 bolts
 45057 | D:3      | XOM: confuse monster(s)
 45062 | D:3      | XOM: polymorph quokka -> hobgoblin
 45071 | D:3      | XOM: confuse monster(s)
 45157 | D:3      | Reached XP level 4. HP: 29/35 MP: 4/4
 45207 | D:3      | XOM: fog
 45210 | D:3      | Found a sacrificial altar of Ru.
 45228 | D:3      | HP: 1/35 [orc (2)]
 45231 | D:3      | Slain by an orc wizard

Vault maps used:
D:1:      matt_arrival_diagonals
D:2:      kennysheep_minor_cross, hangedman_decor_diamond_cutter
D:3:      nicolae_ru_path_of_blood, ebering_ghost_sewer_f, first_ration,
          gup_sewer_entry_pipe, uniq_jessica

Skill      XL: |  1  2 |
---------------+-------+-----
Dodging        | 1 |  1.5
Short Blades   | 3 |  3.9
Fighting       | |  3.0
Armour         | |  1.5

Action                   |  1- 3 |  4- 6 || total
-------------------------+-------+-------++-------
Melee: Short sword       |    21 |       ||    21
       Dagger            |   133 |    23 ||   156
 Fire: Arbalest          |    62 |       ||    62
Evoke: Sack of spiders   |       |     1 ||     1
  Use: Scroll            |     5 |     1 ||     6
 Stab: Confused          |     1 |       ||     1
Armor: Leather armour    |    42 |       ||    42
       Chain mail        |    45 |    32 ||    77
       Plate armour      |    18 |       ||    18
Dodge: Dodged            |    94 |    15 ||   109

Table legend:
 A = Non-vault XP
 B = Vault XP
 C = Vault XP percentage of total XP
 D = Non-vault monster count
 E = Vault monster count
 F = Vault count percentage of total count
                 A         B        C        D         E       F
            +---------+---------+-------+---------+---------+-------
      Total |     115 |       0 |   0.0 |      53 |       0 |   0.0
            +---------+---------+-------+---------+---------+-------
        D:1 |      45 |       0 |   0.0 |      24 |       0 |   0.0
        D:2 |      58 |       0 |   0.0 |      24 |       0 |   0.0
        D:3 |      12 |       0 |   0.0 |       5 |       0 |   0.0
            +---------+---------+-------+---------+---------+-------
